Map: Ulrena

Players

Napalm

  • Race: Terran Terran
  • League: Diamond

LilDicky - Winner!

  • Race: Terran Terran
  • League: Diamond

VOD

http://www.twitch.tv/tumescentpie

Description

Time

  • Played on: Dec. 31, 2015, 5 p.m.
  • Length: 9:58
Show
View Real Time Build Order
Export as new Build Order

Napalm Terran 

Build Orders:  

Get SALT Encoding   

  12  0:01  SCV  
  13  0:13  SCV  
  14  0:18  Supply Depot  
  14  0:29  SCV  
  15  0:41  SCV, Barracks  
  16  0:46  Refinery  
  16  0:53  SCV  
  17  1:05  SCV  
  18  1:17  SCV  
  19  1:29  Reaper  
  19  1:30  Orbital Command  
  20  1:35  Refinery  
  20  1:40  Supply Depot  
  20  1:56  SCV  
  21  2:01  Reaper  
  22  2:10  SCV  
  22  2:12  Factory  
  23  2:24  SCV  
  24  2:33  Marine  
  25  2:43  SCV  
  26  3:00  SCV  
  26  3:01  Marine  
  28  3:12  SCV  
  28  3:16  Factory Tech Lab  
  28  3:20  Starport  
  28  3:23  Command Center  
  28  3:24  SCV  
  29  3:35  Supply Depot  
  29  3:37  Siege Tank  
  31  3:44  Barracks Reactor  
  31  3:56  Supply Depot  
  31  3:57  SCV  
  31  4:02  Viking  
  34  4:09  SCV, Siege Tank  
  38  4:20  Engineering Bay  
  38  4:27  Marine x2  
  40  4:36  Viking  
  42  4:41  Supply Depot x2  
  40  4:45  Siege Tank  
  40  4:46  Marine x2  
  40  4:50  Orbital Command  
  45  4:55  Barracks x2  
  42  5:04  Terran Infantry Weapons Level 1  
  42  5:05  Supply Depot  
  41  5:12  Marine  
  38  5:29  Marine  
  38  5:32  Viking, Siege Tank  
  39  5:44  Marine x2  
  39  5:47  Marine  
  40  6:02  Supply Depot  
  40  6:04  Siege Tank  
  43  6:20  Barracks Tech Lab  
  43  6:21  Barracks Reactor  
  43  6:28  Supply Depot  
  43  6:31  Orbital Command  
  43  6:41  Barracks Reactor  
  43  6:45  Stimpack  
  43  6:58  SCV  
  43  6:59  SCV  
  43  7:00  Medivac  
  47  7:05  Marine  
  47  7:06  Marine x2  
  50  7:14  Terran Infantry Armor Level 1  
  50  7:20  Marine x2  
  50  7:22  Barracks  
  52  7:23  SCV, Barracks, Marine  
  52  7:25  SCV  
  55  7:31  Siege Tank  
  58  7:38  Refinery  
  58  7:43  SCV  
  58  7:44  SCV, Marine x3  
  60  7:45  Marine x2  
  65  7:57  SCV x2  
  67  8:03  Command Center  
  67  8:08  Marine x3  
  58  8:30  Missile Turret  
  55  8:43  Viking  
  55  8:44  SCV  
  55  8:45  Siege Tank  
  61  8:58  Marine x5  
  65  9:15  Marine  
  32  9:43  SCV x2  
Show
View Real Time Build Order
Export as new Build Order

LilDicky Terran - Winner!

Build Orders: Liberator Opening 

Get SALT Encoding   

  12  0:01  SCV  
  13  0:13  SCV  
  14  0:19  Supply Depot  
  14  0:25  SCV  
  15  0:28  Refinery  
  15  0:40  SCV  
  16  0:45  Barracks  
  16  0:52  SCV  
  17  1:04  SCV  
  18  1:16  SCV  
  19  1:22  Refinery  
  19  1:29  SCV  
  20  1:35  Supply Depot  
  20  1:36  Marine  
  21  1:41  SCV  
  22  1:53  Factory, Orbital Command  
  22  1:54  Marine  
  23  2:13  Marine  
  24  2:19  SCV  
  25  2:32  SCV, Marine  
  27  2:44  Factory Tech Lab, Starport  
  27  2:45  SCV  
  27  2:48  Supply Depot  
  27  2:50  Marine  
  29  2:57  SCV  
  30  3:05  Liberator  
  30  3:11  Marine  
  29  3:16  Siege Tank  
  29  3:17  SCV  
  33  3:22  Supply Depot  
  36  3:29  SCV, Marine  
  38  3:41  SCV  
  39  3:48  Siege Tank  
  39  3:52  Engineering Bay  
  39  3:53  SCV, Supply Depot  
  43  3:57  Marine  
  44  4:05  SCV  
  45  4:16  Liberator  
  45  4:17  SCV  
  46  4:30  SCV, Siege Tank  
  53  4:42  SCV  
  54  4:47  Missile Turret  
  40  5:49  Siege Tank  
  40  5:59  SCV  
  41  6:04  Starport Tech Lab  
  38  6:11  SCV  
  38  6:17  Marine  
  40  6:23  SCV  
  38  6:31  Command Center, Banshee, Cloaking Field  
  41  6:34  Siege Tank  
  41  6:35  SCV, Marine  
  41  6:37  Starport  
  41  6:38  Starport  
  41  6:39  Barracks  
  46  6:40  Barracks  
  46  6:42  Barracks x2  
  46  6:48  SCV  
  46  6:53  Marine  
  47  7:00  SCV  
  48  7:11  Marine  
  48  7:13  Siege Tank  
  52  7:19  Viking  
  54  7:30  Supply Depot  
  54  7:40  Barracks Reactor  
  54  7:41  Barracks Reactor  
  54  7:42  Viking, Marine x3  
  59  7:51  Orbital Command  
  59  7:58  Missile Turret  
  59  7:59  Marine  
  59  8:00  Marine  
  59  8:05  SCV  
  62  8:08  Refinery, Missile Turret  
  62  8:21  Liberator  
  62  8:37  Siege Tank  
  68  8:56  Viking  
  68  8:57  Viking  
  72  9:21  Viking  
  72  9:26  Viking  
  62  9:32  Marine x3  
  62  9:34  Marine x2  
  62  9:35  Marine  
Tags
 
Add a new tag
Caveats
  • Supply blocks, unpowered buildings, or Contaminate may cause inaccurate times.
  • Supply counts are checked every 10 seconds.